 Dungeon Crawl Stone Soup version 0.30-a0-1160-g6e42c06551 (webtiles) character file.

Game seed: 15166846555877299599

847 FlurksSlurper the Slasher (level 7, -3/51 HPs)
             Began as a Demonspawn Brigand on Apr 24, 2023.
             Slain by a sleepcap (18 damage)
             ... on level 6 of the Dungeon.
             The game lasted 00:13:05 (4670 turns).

FlurksSlurper the Slasher (Demonspawn Brigand)      Turns: 4670, Time: 00:13:06

Health: -3/51      AC: 17    Str: 12    XL:     7   Next: 68%
Magic:  12/12      EV:  2    Int: 14    God:
Gold:   264        SH:  0    Dex: 14    Spells: 13/13 levels left

rFire   + . .        a - +1 long sword
rCold   . . .        (no shield)
rNeg    . . .        v - +1 chain mail of the Leaf {rF+}
rPois   .            k - +0 helmet
rElec   .            c - +0 cloak
rCorr   .            (no gloves)
SInv    .            (no boots)
Will    .....        m - amulet of magic regeneration Stlth
                     (no ring)
HPRegen 0.28/turn    (no ring)
MPRegen 0.53/turn

%: no passive effects
@: sleeping, sanguine armoured
A: sanguine armour 1
a: no special abilities


You were on level 6 of the Dungeon.
You visited 1 branch of the dungeon, and saw 6 of its levels.
You also visited: Sewer.

You collected 264 gold pieces.

Inventory:

Hand Weapons
 a - a +1 long sword (weapon)
 b - the +3 dagger of Abomination {flame, rF+ Will- MP+9}
   (You found it on level 2 of the Dungeon)

   rF:        It protects you from fire.
   MP:        It affects your magic capacity (+9).
   Will:      It decreases your willpower.
 o - a +2 dagger
Missiles
 d - 11 poisoned darts (quivered)
 e - 2 curare-tipped darts
Armour
 c - a +0 cloak (worn)
 k - a +0 helmet (worn)
 v - the +1 chain mail of the Leaf (worn) {rF+}
   (You found it on level 3 of the Dungeon)

   rF:        It protects you from fire.
Jewellery
 m - an amulet of magic regeneration (around neck)
Scrolls
 j - 10 scrolls of identify
 n - 3 scrolls of amnesia
 u - 2 scrolls of fear
Potions
 f - a potion of heal wounds
 g - a potion of berserk rage
 i - a potion of curing {unknown}
 l - 2 potions of brilliance
 q - 2 potions of degeneration


   Skills:
 + Level 2.7 Fighting
 - Level 1.7(4.2) Short Blades
 + Level 6.0(6.2) Long Blades
 - Level 1.7 Throwing
 + Level 1.6 Armour
 - Level 0.8 Dodging
 - Level 3.7 Stealth
 + Level 3.9 Spellcasting


You had 13 spell levels left.
You didn't know any spells.
Your spell library contained the following spells:

 Spells                   Type           Power      Damage    Failure   Level
 Lesser Beckoning         Tloc           4%         N/A       100%        2
 Gell's Gravitas          Tloc           2%         N/A       100%        3
 Ozocubu's Armour         Ice            2%         N/A       100%        3
 Teleport Other           Tloc           2%         N/A       100%        3
 Summon Forest            Summ/Tloc      1%         N/A       100%        5
 Dispersal                Tloc           1%         N/A       100%        6
 Eringya's Noxious Bog    Tmut/Pois      1%         N/A       100%        6
 Ozocubu's Refrigeration  Ice            1%         4d7       100%        7
 Summon Hydra             Summ           1%         N/A       100%        7


Dungeon Overview and Level Annotations

Branches:
Dungeon (6/15)              Sewer (visited)
 Temple: D:4-7

Altars:
Ashenzari
Kikubaaqudgha
Trog
Xom

Shops:
D:4 [

Annotations:
D:4 Grinder
D:5 2 transporters, Gandelf's ghost, amateur SpCj


Innate Abilities, Weirdness & Mutations

When seriously injured, your blood forms armour. (AC +6)


Message History

The curare-tipped dart hits the sleepcap.
The sleepcap is lightly damaged.
The sleepcap barely misses you.
Throw: 3 darts (curare)
Press: ? - help, Shift-Dir - straight line, f/p - sleepcap
Aim: a sleepcap (lightly damaged, 98% to hit)
You throw a curare-tipped dart.
The curare-tipped dart hits the sleepcap.
The sleepcap is lightly damaged.
The sleepcap releases spores at you.
You are engulfed in a cloud of soporific spores!
You are unaffected.
That's the wrong kind of item! (Use * to select it.) Fire/throw/use which item? ([*] to toss any item) (? for menu, Esc to quit)
Okay, then.
Throw: 12 darts (poison)
Press: ? - help, Q - select action, (/) - cycle Shift-Dir - straight line, f/p - sleepcap
Aim: a sleepcap (lightly damaged, 98% to hit)
You throw a poisoned dart. The poisoned dart hits the sleepcap.
The sleepcap is lightly damaged.
The sleepcap releases spores at you.
You are engulfed in a cloud of soporific spores!
You are unaffected.
You hit the sleepcap but do no damage.
The sleepcap is lightly damaged.
The sleepcap releases spores at you but does no damage.
You slash the sleepcap!
The sleepcap is heavily damaged.
The sleepcap releases spores at you but does no damage.
You hit the sleepcap.
The sleepcap is heavily damaged.
The sleepcap releases spores at you but does no damage.
You hit the sleepcap.
The sleepcap is severely damaged.
The sleepcap releases spores at you.
* * * LOW HITPOINT WARNING * * *
You are engulfed in a cloud of soporific spores!
You fall asleep.
The sleepcap releases spores at you!!
You die...

#.##........(.
#.############ # #.###
#. #####...##### #.
#.............#
##.#.#######.###.#####
#....#...............##
#.....###.##........
###@#.# #.##...##.##
#f#.# #.#######.# #.#.#
#.# #.# ....# #.# #.##
#.### #.# #... #.# #.#
#### ..# ###


You could see a sleepcap.

Vanquished Creatures
  A water moccasin (Sewer)
  A black bear (D:5)
  A centaur (D:5)
  A gnoll sergeant (D:5)
  A scorpion (D:6)
  A jelly (D:4)
  7 hounds
  2 iguanas (D:5)
  3 adders
  4 gnolls (D:5)
  An ufetubus (D:5)
  2 worms
  A dart slug (D:2)
  7 orcs
  9 bats
  3 endoplasms
  4 giant cockroaches
  7 goblins
  7 hobgoblins
  2 quokkas
  6 ball pythons
  3 frilled lizards
  8 kobolds
  3 rats
85 creatures vanquished.

Notes
Turn   | Place    | Note
-------+----------+-------------------------------------------
     0 | D:1      | FlurksSlurper the Demonspawn Brigand began the quest for
                  | the Orb.
     0 | D:1      | Reached XP level 1. HP: 16/16 MP: 1/1
   187 | D:1      | Reached skill level 1 in Spellcasting
   267 | D:1      | Gained mutation: When seriously injured, your blood forms
                  | armour. (AC +6) [demonic ancestry]
   267 | D:1      | Reached XP level 2. HP: 22/22 MP: 3/3
   787 | D:2      | Found an ancient bone altar of Kikubaaqudgha.
   796 | D:2      | You fall into a shaft and drop 1 floor!
   989 | D:2      | Reached XP level 3. HP: 22/27 MP: 6/6
  1477 | D:2      | Identified the +3 dagger of Abomination {flame, rF+ Will-
                  | MP+9}
  2100 | D:3      | Identified the +1 chain mail of the Leaf {rF+}
  2521 | D:4      | Reached XP level 4. HP: 33/33 MP: 8/8
  2660 | D:4      | Reached skill level 1 in Long Blades
  2783 | D:4      | Reached skill level 2 in Long Blades
  2783 | D:4      | Reached XP level 5. HP: 12/38 MP: 8/10
  2903 | D:4      | Found Xidiwn's Antique Armour Emporium.
  2974 | D:4      | Noticed Grinder
  2979 | D:4      | Paralysed by Grinder for 3 turns
  3275 | D:5      | Entered Level 5 of the Dungeon
  3316 | D:5      | Reached skill level 3 in Long Blades
  3387 | D:5      | Noticed a centaur
  3398 | D:5      | HP: 1/38 [centaur (4)]
  3403 | D:5      | Killed a centaur
  3404 | D:5      | Reached skill level 4 in Long Blades
  3404 | D:5      | Reached XP level 6. HP: 30/44 MP: 11/11
  3527 | D:5      | Reached XP level 7. HP: 24/50 MP: 12/12
  3529 | D:5      | Reached skill level 5 in Long Blades
  3701 | D:5      | Found a glowing drain.
  3706 | Sewer    | Entered a sewer
  3757 | Sewer    | Reached skill level 1 in Armour
  4217 | D:5      | Found a shimmering altar of Xom.
  4217 | D:5      | Found a bloodstained altar of Trog.
  4217 | D:5      | Found a broken altar of Ashenzari.
  4504 | D:5      | Noticed Gandelf's ghost (amateur SpCj)
  4505 | D:5      | Found a transporter.
  4507 | D:5      | Found a transporter.
  4592 | D:6      | Reached skill level 6 in Long Blades
  4670 | D:6      | Slain by a sleepcap

Illustrated notes

Levels and vault maps discovered:
D:1:      dpeg_arrival_tiny_c, layout_loops_cross, patterned_corridor
D:2:      layout_basic, basic_altar, minmay_pentomino_r4
D:3:      layout_loops_cross, mainiacjoe_overflow_alcove_1
D:4:      layout_loops_ring, serial_shops, kennysheep_little_box, uniq_grinder,
          uniq_blork_the_orc
D:5:      layout_loops_corners, gammafunk_temple_overflow_claw,
          portal_sewer_entry_e, gammafunk_ghost_smash
D:6:      layout_loops_ring, mainiacjoe_overflow_paths, uniq_sigmund

Skill      XL: |  1  2  3  4  5  6  7 |
---------------+----------------------+-----
Spellcasting   | 1 2 3 |  3.9
Long Blades    | 2 4 6 |  6.0
Armour         | 1 |  1.6
Fighting       | |  2.7
Short Blades   | |  1.7
Throwing       | |  1.7
Dodging        | |  0.8
Stealth        | |  3.7

Action                     |  1- 3 |  4- 6 |  7- 9 || total
---------------------------+-------+-------+-------++-------
  Melee: Dagger            |    80 |    11 |       ||    91
         Punch             |     2 |     2 |       ||     4
         Long sword        |    47 |   141 |    51 ||   239
  Throw: Dart              |     8 |     7 |    26 ||    41
         Throwing net      |       |     1 |       ||     1
    Use: Potion            |       |     5 |     1 ||     6
         Scroll            |       |     8 |     4 ||    12
   Stab: Sleeping          |     7 |       |       ||     7
         Held in net/web   |       |     1 |       ||     1
 Armour: Robe              |     5 |       |       ||     5
         Ring mail         |    50 |       |       ||    50
         Chain mail        |     2 |   181 |    46 ||   229
         Skin              |       |    70 |       ||    70
  Dodge: Dodged            |    58 |    58 |    28 ||   144

Table legend: (Time is in decaauts)
 A = Elapsed time spent in this place.
 B = Non-inter-level travel time spent in this place.
 C = Inter-level travel time spent in this place.
 D = Time resting spent in this place.
 E = Time spent auto-exploring this place.
 F = Levels seen in this place.
 G = Mean time per level.
                   A        B        C        D        E       F      G
               +--------+--------+--------+--------+--------+-----+--------+
         Total |   4711 |   4479 |    232 |    530 |   2568 |   7 |  673.0 |
       Dungeon |   4564 |   4332 |    232 |    530 |   2500 |   6 |  760.7 |
         Sewer |    146 |    146 |      0 |      0 |     68 |   1 |  146.0 |
               +--------+--------+--------+--------+--------+-----+--------+

Top non-repeatable levels by time:
     D:5: 1129 daAuts
     D:3: 1003 daAuts
     D:2: 937 daAuts
     D:1: 783 daAuts
     D:4: 589 daAuts
   Sewer: 146 daAuts
     D:6: 120 daAuts
